 Dungeon Crawl Stone Soup version 0.31.0-11-ge490571c62 (webtiles) character file.

Game seed: 5662172691039920357

223 qw the Shooter (level 5, 0/27 HPs)
             Began as a Spriggan Hunter on Feb 4, 2024.
             Killed by nerve-wracking pain
             ... invoked by an orc priest
              (9 damage)
             ... on level 4 of the Dungeon.
             The game lasted 00:00:10 (2581 turns).

qw the Shooter (Spriggan Hunter)                    Turns: 2581, Time: 00:00:11

Health: 0/27       AC:  2    Str:  7    XL:     5   Next: 66%
Magic:  6/6        EV: 20    Int: 10    God:
Gold:   176        SH:  0    Dex: 21    Spells: 4/4 levels left

rFire   . . .        a - +0 shortbow
rCold   . . .        (shield currently unavailable)
rNeg    . . .        c - +0 robe
rPois   .            (helmet restricted)
rElec   .            (no cloak)
rCorr   .            (gloves unavailable)
SInv    +            (boots unavailable)
Will    .....        (no amulet)
Stlth   ++           (no ring)
HPRegen 0.24/turn    (no ring)
MPRegen 0.10/turn

%: no passive effects
@: very quick
A: very small, no large weapons, unfitting armour, see invisible, speed 3
a: no special abilities


You were on level 4 of the Dungeon.
You visited 1 branch of the dungeon, and saw 4 of its levels.

You collected 176 gold pieces.


Innate Abilities, Weirdness & Mutations

You are very small and have problems with some larger weapons.
You are too small for most types of armour.
You have supernaturally acute eyesight. (SInv)
You cover ground extremely quickly. (Speed+++)


   Skills:
 - Level 2.3 Fighting
 + Level 5.7 Ranged Weapons
 - Level 5.0 Dodging
 - Level 1.5 Stealth


You had 4 spell levels left.
You didn't know any spells.
Your spell library was empty.

Inventory:

Hand Weapons
 a - a +0 shortbow (weapon)
Armour
 c - a +0 robe (worn)
Scrolls
 b - 2 scrolls of identify
Potions
 d - 2 potions of heal wounds
 f - a potion of might
 g - a potion of curing
 h - a potion of cancellation

Dungeon Overview and Level Annotations

Branches:
Dungeon (4/15)
 Temple: D:4-7

Altars:
Ru
The Shining One


Message History

The orc priest shouts!
The arrow hits the orc priest but does no damage.
You hear a shout! x4
A kobold comes into view. It is wielding a +0 dagger.
You hear a shout!
You shoot an arrow. The arrow hits the orc priest.
The orc priest is heavily wounded.
The orc priest looks satisfied for a moment.
You shoot an arrow.
The arrow hits the orc priest but does no damage.
The orc priest is heavily wounded.
A goblin comes into view. It is wielding a +0 dagger.
You shoot an arrow. The arrow hits the orc priest.
The orc priest is heavily wounded.
The orc priest casts a cantrip, but nothing happens.
You shoot an arrow. The arrow barely misses the orc priest.
The arrow hits the orc priest.
The orc priest is lightly wounded.
The orc priest begins to cast a cantrip, but forgets the words!
You shoot an arrow. The arrow hits the orc priest.
The orc priest is almost dead.
The orc priest calls down the wrath of Beogh upon you.
Pain shoots through your body!
The orc priest mumbles some strange prayers to Beogh against you.
Beogh smites you!
Ouch! That really hurt!
You shoot an arrow. The arrow hits the orc priest.
You kill the orc priest!
The orc priest invokes the aid of Beogh against you.
You resist with significant effort.
You shoot an arrow.
The arrow hits the orc priest but does no damage.
The orc priest is lightly wounded.
You shoot an arrow.
The arrow closely misses the orc priest.
The arrow hits the kobold.
You kill the kobold!
The orc priest calls down the wrath of Beogh upon you.
Pain shoots through your body!
You die...

..# ...
#.. #g#
#)# #)#
#o# #@#
#.# #.#
#.# #.#
#.# #.#
#.# ###
#####.#
#..


You could see an orc priest and a goblin.

Vanquished Creatures
  A crimson imp (D:3)
  An orc priest (D:4)
  A sleepcap (D:4)
  4 adders
  A dart slug (D:1)
  3 ribbon worms
  4 orcs (D:3)
  7 bats
  6 endoplasms
  5 giant cockroaches
  8 goblins
  8 hobgoblins
  2 quokkas
  8 ball pythons
  5 frilled lizards
  A goblin zombie (D:3)
  2 hobgoblin zombies (D:3)
  11 kobolds
  A kobold skeleton (D:3)
  2 kobold zombies (D:3)
  An orc skeleton (D:3)
  An orc zombie (D:3)
  3 rats
86 creatures vanquished.

Notes
Turn   | Place    | Note
-------+----------+-------------------------------------------
     0 | D:1      | qw the Spriggan Hunter began the quest for the Orb.
     0 | D:1      | Reached XP level 1. HP: 10/10 MP: 2/2
     0 | D:1      | 0 ||| qw: Version: 0.3-a-160-g6735b56
     0 | D:1      | 0 ||| qw: Game counter: 4854
     0 | D:1      | 0 ||| qw: Melee chars always use a shield: true
     0 | D:1      | 0 ||| qw: God list: Okawaru
     0 | D:1      | 0 ||| qw: Allow faded altars: false
     0 | D:1      | 0 ||| qw: Do Orc after clearing Dungeon:15 true
     0 | D:1      | 0 ||| qw: Do second Lair branch before Depths: true
     0 | D:1      | 0 ||| qw: Lair rune preference: random
     0 | D:1      | 0 ||| qw: Goals: Normal
     0 | D:1      | 0 ||| PLANNING D:1-11
    59 | D:1      | Reached skill level 3 in Dodging
   108 | D:1      | Reached XP level 2. HP: 14/14 MP: 3/3
   369 | D:1      | You fall into a shaft and drop 1 floor!
   386 | D:2      | 386 ||| READING scroll labelled HUOHEL BEJUOLL.
   387 | D:2      | 387 ||| DRINKING 2 emerald potions.
   388 | D:2      | 388 ||| DROPPING scroll of butterflies.
   400 | D:1      | HP: 2/14 [kobold/+0 dagger (4)]
   401 | D:1      | Reached XP level 3. HP: 3/18 MP: 4/4
   466 | D:1      | Found a faded altar of an unknown god.
   716 | D:1      | 716 ||| READING scroll labelled YTAEMU GAOTZYL.
   716 | D:1      | 716 ||| IDENTIFYING murky inky potion
   717 | D:1      | 717 ||| DRINKING 2 murky puce potions.
   718 | D:1      | 718 ||| DROPPING potion of degeneration.
   846 | D:2      | Reached XP level 4. HP: 22/22 MP: 5/5
  1360 | D:2      | 1360 ||| READING 2 scrolls of identify.
  1360 | D:2      | 1360 ||| IDENTIFYING pink potion
  1361 | D:2      | 1361 ||| READING scroll of identify.
  1361 | D:2      | 1361 ||| IDENTIFYING black potion
  1362 | D:2      | 1362 ||| READING scroll labelled WUCICOUMI.
  1406 | D:2      | 1406 ||| READING scroll labelled YNAEZIE MIUPOA.
  1407 | D:2      | 1407 ||| READING scroll labelled ZAHACA WAST.
  1407 | D:2      | 1407 ||| ENCHANTING +0 shortbow.
  1408 | D:2      | 1408 ||| READING scroll labelled BOXTY CURABIUMN.
  1412 | D:2      | 1412 ||| READING scroll labelled YTOHITS FEYDA.
  1493 | D:3      | Found a sacrificial altar of Ru.
  1811 | D:3      | Found a glowing golden altar of the Shining One.
  1825 | D:3      | 1825 ||| FLEEEEING.
  1826 | D:3      | 1826 ||| FLEEEEING.
  1827 | D:3      | 1827 ||| FLEEEEING.
  1828 | D:3      | 1828 ||| FLEEEEING.
  1829 | D:3      | 1829 ||| FLEEEEING.
  1830 | D:3      | 1830 ||| FLEEEEING.
  1831 | D:3      | 1831 ||| FLEEEEING.
  1839 | D:3      | Reached XP level 5. HP: 26/27 MP: 6/6
  1857 | D:3      | 1857 ||| FLEEEEING.
  1858 | D:3      | 1858 ||| FLEEEEING.
  2581 | D:4      | Killed from afar by an orc priest

Levels and vault maps discovered:
D:1:      heliophobic_arrival_henge, layout_loops_ring,
          hellmonk_ecumenical_altar_run_dry
D:2:      layout_basic, minmay_misc_feat_x
D:3:      layout_basic, mainiacjoe_overflow_chevrons,
          nicolae_tso_besieged_by_evil, serial_bayou_pond_c,
          serial_bayou_pond_e, saegor_snake_ambush
D:4:      layout_basic, overflow_temple_1_default

Skill      XL: |  1  2  3  4 |
---------------+-------------+-----
Dodging        | 3 4 5 |  5.0
Ranged Weapons | 5 |  5.7
Fighting       | 2 |  2.3
Stealth        | |  1.5

Action                     |  1- 3 |  4- 6 || total
---------------------------+-------+-------++-------
   Fire: Shortbow          |    89 |   145 ||   234
    Use: Scroll            |     2 |     7 ||     9
         Potion            |     2 |       ||     2
 Armour: Robe              |     8 |     9 ||    17
  Dodge: Dodged            |    16 |    35 ||    51

Table legend:
 A = Non-vault XP
 B = Vault XP
 C = Vault XP percentage of total XP
 D = Non-vault monster count
 E = Vault monster count
 F = Vault count percentage of total count
                 A         B        C        D         E       F
            +---------+---------+-------+---------+---------+-------
      Total |     260 |      60 |  18.8 |      75 |      11 |  12.8
            +---------+---------+-------+---------+---------+-------
        D:1 |      50 |       0 |   0.0 |      29 |       0 |   0.0
        D:2 |      67 |       0 |   0.0 |      16 |       0 |   0.0
        D:3 |      63 |      60 |  48.8 |      27 |      11 |  28.9
        D:4 |      80 |       0 |   0.0 |       3 |       0 |   0.0
            +---------+---------+-------+---------+---------+-------
